 Dungeon Crawl Stone Soup version 0.24-a0-203-gf0bc1e9 (webtiles) character file.

Game seed: 4133121338948891346

624 Borgoz the Covered (level 7, -9/47 HPs)
             Began as a Halfling Fighter on Mar 26, 2019.
             Mangled by kal9871's ghost (10 damage)
             ... on level 4 of the Dungeon.
             The game lasted 00:08:20 (4151 turns).

Borgoz the Covered (Halfling Fighter)               Turns: 4151, Time: 00:08:21

Health: -9/47      AC: 11    Str: 17    XL:     7   Next: 76%
Magic:  0/9        EV: 11    Int:  9    God:
Gold:   307        SH: 10    Dex: 18    Spells: 9/9 levels left

rFire    . . .     SeeInvis .   a - +0 rapier
rCold    . . .     Gourm    .   c - +0 shield
rNeg     . . .     Faith    .   b - +0 scale mail
rPois    .         Spirit   +   u - +0 helmet
rElec    .         Reflect  .   (no cloak)
rCorr    .         Harm     .   (no gloves)
MR       .....     Rnd*Rage +   y - +0 pair of boots
Stlth    +.........             m - amulet of guardian spirit
HPRegen  0.15/turn              s - +3 ring of intelligence
MPRegen  0.11/turn              D - +2 ring of dexterity

@: very slightly contaminated
A: small, thin metallic scales 1, berserk 1, mutation resistance 1
a: no special abilities


You were on level 4 of the Dungeon.
You were not hungry.

You visited 1 branch of the dungeon, and saw 4 of its levels.
You also visited: Ossuary.

You collected 307 gold pieces.

Inventory:

Hand Weapons
 a - a +0 rapier (weapon)
 o - a +1 dagger of venom
Armour
 b - a +0 scale mail (worn)
 c - a +0 shield (worn)
 u - a +0 helmet (worn)
 y - a +0 pair of boots (worn)
Jewellery
 l - an uncursed ring of ice
 m - an amulet of guardian spirit (around neck)
 s - a +3 ring of intelligence (left hand)
 B - an uncursed amulet of the acrobat
 C - an uncursed amulet of the gourmand {unknown}
 D - a +2 ring of dexterity (right hand)
Scrolls
 e - 3 scrolls of magic mapping {unknown}
 g - 6 scrolls of remove curse
 h - a scroll of amnesia {unknown}
 i - 2 scrolls of fear {unknown}
 k - 3 scrolls of teleportation
 q - a scroll of blinking {unknown}
 r - 2 scrolls of immolation {unknown}
 I - a scroll of noise {unknown}
 K - a scroll of enchant armour {unknown}
Potions
 j - 3 potions of resistance
 n - 2 potions of degeneration
 p - 6 potions of heal wounds
 w - a potion of curing
 x - a potion of magic
 E - 2 potions of agility
 H - a potion of brilliance
Comestibles
 f - 9 rations


   Skills:
 + Level 3.8 Fighting
 + Level 4.2 Short Blades
 + Level 4.6 Armour
 + Level 2.9 Dodging
 + Level 3.2 Stealth
 + Level 4.5 Shields
 + Level 1.9 Spellcasting


You had 9 spell levels left.
You didn't know any spells.
Your spell library was empty.

Dungeon Overview and Level Annotations

Branches:
Dungeon (4/15)
 Temple: D:4-7

Altars:
Cheibriados
Dithmenos
Hepliaklqana
Ru
Sif Muna
Xom
Yredelemnul
Zin
Beogh

Annotations:
D:4 kal9871's ghost, amateur SpFi


Innate Abilities, Weirdness & Mutations

You are small and have problems with some larger weapons.
You are somewhat resistant to further mutation.
You are partially covered in thin metallic scales. (AC +2)
You tend to lose your temper in combat.


Message History

You closely miss kal9871's ghost. Kal9871's ghost misses you.
You miss kal9871's ghost.
Kal9871's ghost dodges and says, "Too slow!"
You block kal9871's ghost's attack.
You completely miss kal9871's ghost. Kal9871's ghost misses you.
You closely miss kal9871's ghost. Kal9871's ghost hits you.
* * * LOW HITPOINT WARNING * * *
You miss kal9871's ghost.
Kal9871's ghost ducks and says, "Too high!"
You block kal9871's ghost's attack.
You puncture kal9871's ghost!
Kal9871's ghost is moderately damaged.
Kal9871's ghost barely misses you.
You completely miss kal9871's ghost.
Kal9871's ghost is moderately damaged.
Kal9871's ghost barely misses you.
You miss kal9871's ghost.
Kal9871's ghost is moderately damaged.
Kal9871's ghost hits you!
You die...

#8..._...8#
#.........#
#.........#
#########8.......8#
#.......#._....._.#
#.#######8.......8#
#.# ####...#### #.#
######.#...# #.#
#......#..@# #.#
#.####.#8W8#
###.###.# #.##'###
^.......# #.##.#.#
##..##### #.##...#
##..########.####.#
..<.....>....# #.#
....#######.## #.#
.......# #.# #.#


You could see kal9871's ghost.

Vanquished Creatures
  A bullfrog (D:4)
  3 water moccasin zombies (Ossuary)
  An orc priest (D:4)
  An orc wizard (D:4)
  A worker ant (D:4)
  3 big kobold zombies (Ossuary)
  A hound skeleton (D:4)
  2 mummies (Ossuary)
  3 gnolls (D:4)
  4 adders
  6 adder zombies (Ossuary)
  2 worms
  2 dart slugs (D:3)
  4 leopard geckos
  19 orcs
  4 giant cockroaches
  7 gnoll zombies (Ossuary)
  7 goblins
  6 hobgoblins
  2 jackals (D:2)
  9 kobolds
  3 quokkas
  4 bats (D:2)
  5 frilled lizards
  6 hobgoblin zombies (Ossuary)
  3 kobold zombies (Ossuary)
  8 rats
  A spectral orc (D:3)
118 creatures vanquished.

Notes
Turn   | Place    | Note
-------+----------+-------------------------------------------
     0 | D:1      | Borgoz the Halfling Fighter began the quest for the Orb.
     0 | D:1      | Reached XP level 1. HP: 15/15 MP: 1/1
   248 | D:1      | Reached XP level 2. HP: 16/20 MP: 2/2
   769 | D:2      | Reached XP level 3. HP: 22/25 MP: 3/3
   791 | D:2      | Reached skill level 1 in Dodging
   849 | D:2      | Reached skill level 1 in Stealth
  1129 | D:2      | Reached XP level 4. HP: 23/30 MP: 2/4
  1392 | D:2      | Found a deep blue altar of Sif Muna.
  1550 | D:3      | Found a sacrificial altar of Ru.
  1666 | D:3      | Found a basalt altar of Yredelemnul.
  1944 | D:3      | Reached XP level 5. HP: 30/36 MP: 4/6
  2174 | D:4      | Reached skill level 1 in Spellcasting
  2280 | D:4      | Found a runed translucent gate.
  2381 | D:4      | Found a runed translucent gate.
  2384 | D:4      | Found a runed translucent gate.
  2390 | D:4      | Noticed kal9871's ghost (amateur SpFi)
  2481 | D:4      | Found a sand-covered staircase.
  2492 | Ossuary  | Entered an ossuary
  2532 | Ossuary  | Reached XP level 6. HP: 26/42 MP: 5/7
  2950 | Ossuary  | Reached XP level 7. HP: 46/46 MP: 9/9
  3197 | D:4      | Found a shadowy altar of Dithmenos.
  3224 | D:4      | Found a hazy altar of Hepliaklqana.
  3646 | D:4      | Found an opulent altar of Gozag.
  3648 | D:4      | Found a snail-covered altar of Cheibriados.
  3648 | D:4      | Found a glowing silver altar of Zin.
  3650 | D:4      | Found a shimmering altar of Xom.
  3650 | D:4      | Found a snail-covered altar of Cheibriados.
  3650 | D:4      | Found a sparkling altar of Nemelex Xobeh.
  3733 | D:4      | Found a roughly hewn altar of Beogh.
  4082 | D:4      | Gained mutation: You tend to lose your temper in combat.
                  | [potion of mutation]
  4082 | D:4      | Gained mutation: You are partially covered in thin metallic
                  | scales. (AC +2) [potion of mutation]
  4139 | D:4      | HP: 2/47 [kal9871's ghost (2)]
  4147 | D:4      | HP: 1/47 [kal9871's ghost (3)]
  4151 | D:4      | Mangled by kal9871's ghost

Levels and vault maps discovered:
D:1:      lightli_arrival_boilingwater, layout_basic
D:2:      layout_loops_cross, lemuel_blue_sif_altar
D:3:      kb_forest_paths, layout_basic, yredelemnul_forgotten_temple_becter,
          nicolae_ru_awakened_eye
D:4:      layout_loops_ring, lemuel_crystal_altar, doesnt_xom_only_xom,
          kennysheep_little_box, enter_ossuary_1, biasface_ghost_orc_armoury,
          serial_bayou, serial_bayou_pond_e, serial_bayou_pond_c,
          serial_bayou_pond_a, serial_bayou_pond_e
Ossuary:  ossuary_tomb_2

Skill      XL: |  1  2  3  4  5  6  7 |
---------------+----------------------+-----
Dodging        | 1 2 |  2.9
Stealth        | 1 2 3 |  3.2
Short Blades   | 3 4 |  4.2
Fighting       | 3 |  3.8
Spellcasting   | 1 |  1.9
Armour         | 4 |  4.6
Shields        | 4 |  4.5

Action                   |  1- 3 |  4- 6 |  7- 9 || total
-------------------------+-------+-------+-------++-------
Melee: Rapier            |    41 |   112 |   152 ||   305
       Dagger            |    73 |   139 |    96 ||   308
Throw: Throwing net      |       |       |     1 ||     1
  Use: Potion            |       |     1 |    10 ||    11
       Scroll            |       |       |     6 ||     6
  Eat: Chunk             |     1 |     4 |     1 ||     6
       Ration            |       |     1 |     1 ||     2
Armor: Scale mail        |    31 |    81 |    51 ||   163
Dodge: Dodged            |    37 |    74 |    64 ||   175
Block: Shield            |    55 |   108 |    99 ||   262

Table legend:
 A = Non-vault XP
 B = Vault XP
 C = Vault XP percentage of total XP
 D = Non-vault monster count
 E = Vault monster count
 F = Vault count percentage of total count
                 A         B        C        D         E       F
            +---------+---------+-------+---------+---------+-------
      Total |     392 |     500 |  56.1 |      71 |      47 |  39.8
            +---------+---------+-------+---------+---------+-------
        D:1 |      16 |       0 |   0.0 |       8 |       0 |   0.0
        D:2 |      74 |       0 |   0.0 |      29 |       0 |   0.0
        D:3 |      29 |      24 |  45.3 |      15 |       7 |  31.8
        D:4 |     273 |      70 |  20.4 |      19 |      10 |  34.5
    Ossuary |       0 |     406 | 100.0 |       0 |      30 | 100.0
            +---------+---------+-------+---------+---------+-------
